 Dungeon Crawl Stone Soup version 0.20.1-1-g8b1a95d (webtiles) character file.

124 Jawreze the Shooter (level 4, 0/36 HPs)
             Began as a Centaur Hunter on Aug 27, 2017.
             Slain by an orc
             ... wielding a +0 flail
              (1 damage)
             ... on level 3 of the Dungeon.
             The game lasted 00:03:27 (2336 turns).

Jawreze the Shooter (Centaur Hunter)                Turns: 2336, Time: 00:03:27

Health: 0/36       AC:  4    Str: 15    XL:     4   Next: 81%
Magic:  4/4        EV:  9    Int: 10    God:
Gold:   106        SH:  0    Dex: 10    Spells: 3/3 levels left

rFire    . . .     SeeInvis .   a - +1 shortbow
rCold    . . .     Gourm    .   (shield currently unavailable)
rNeg     . . .     Faith    .   c - +0 leather armour
rPois    .         Spirit   .   (no helmet)
rElec    .         Reflect  .   (no cloak)
rCorr    .         Harm     .   (no gloves)
MR       .....                  (no barding)
Stlth    ..........             (no amulet)
Regen    0.2/turn               (no ring)
MPRegen  0.1/turn               (no ring)

@: drained, very quick
A: hooves 3, deformed body, speed 2, tough skin 3
a: no special abilities


You were on level 3 of the Dungeon.
You were not hungry.

You visited 1 branch of the dungeon, and saw 3 of its levels.

You collected 106 gold pieces.

Inventory:

Hand Weapons
 a - a +1 shortbow (weapon)
 b - a +0 short sword
Missiles
 d - 14 arrows (quivered)
Armour
 c - a +0 leather armour (worn)
Jewellery
 j - an uncursed ring of protection from fire {unknown}
 q - a cursed ring of teleportation {unknown}
Scrolls
 e - 4 scrolls of identify {unknown}
 h - 2 scrolls of random uselessness {unknown}
 i - a scroll of recharging {unknown}
 k - a scroll of remove curse {unknown}
Potions
 g - a potion of might {unknown}
 l - a potion of curing {unknown}
 m - 2 potions of magic {unknown}
 n - a potion of experience {unknown}
Comestibles
 f - a bread ration
 o - 2 royal jellies
 p - 4 chunks of flesh


   Skills:
 - Level 2.0(1.4) Fighting
 + Level 4.1(3.5) Short Blades
 - Level 5.3(4.7) Bows
 - Level 1.3(0.8) Dodging
 - Level 0.4(0.0) Stealth


You had 3 spell levels left.
You didn't know any spells.

Dungeon Overview and Level Annotations

Branches:
Dungeon (3/15)

Altars:
Trog


Innate Abilities, Weirdness & Mutations

You have hooves in place of feet.
Armour fits poorly on your strangely shaped body.
You cover ground very quickly.
You have extremely tough skin. (AC +3)


Message History

The orc priest hits you with a mace of draining.
You feel drained. The orc hits you with a flail. The goblin closely misses you.
Firing (i - inventory):
d - 16 arrows (quivered)
Press: ? - help, Shift-Dir - straight line, f/p - orc priest
Aim: an orc priest, wielding a mace of draining (lightly wounded)
You shoot an arrow.
The arrow hits the orc priest but does no damage.
The orc priest is lightly wounded.
The goblin completely misses you. The orc hits you with a flail!
* * * LOW HITPOINT WARNING * * *
Firing (i - inventory):
d - 15 arrows (quivered)
Press: ? - help, Shift-Dir - straight line, f/p - orc priest
Aim: an orc priest, wielding a mace of draining (lightly wounded)
You shoot an arrow. The arrow hits the orc priest.
The orc priest is moderately wounded.
The orc priest hits you with a mace of draining.
* * * LOW HITPOINT WARNING * * *
You feel drained. The goblin hits you but does no damage.
The orc hits you with a flail.
You die...

.........######.# ..
.....................
...#...........#......#.
...#...........##......#
#................#######
...............##.......
#....o.........###...#..
......oo##.#............
#.g@o..###[..#...#..
#....###....##.........
##.. ##...#...####### #.
##............. #
##.#..........
#..#.....#...
##...........
##..<...รท...
#..........


You could see 2 orc priests, 2 orcs and a goblin.

Vanquished Creatures
  An orc priest (D:3)
  5 adders
  A worm (D:2)
  2 leopard geckos
  5 orcs
  A ball python (D:2)
  8 giant cockroaches (D:2)
  3 hobgoblins
  A quokka (D:2)
  5 bats
  2 frilled lizards (D:1)
  2 goblins
  2 kobolds (D:1)
  2 rats (D:2)
40 creatures vanquished.

Notes
Turn   | Place    | Note
-------+----------+-------------------------------------------
     0 | D:1      | Jawreze the Centaur Hunter began the quest for the Orb.
     0 | D:1      | Reached XP level 1. HP: 17/17 MP: 1/1
   170 | D:1      | Reached skill level 1 in Short Blades
   616 | D:1      | Reached XP level 2. HP: 24/24 MP: 2/2
   793 | D:1      | Reached XP level 3. HP: 17/29 MP: 3/3
  1187 | D:2      | Found a bloodstained altar of Trog.
  1432 | D:2      | Reached XP level 4. HP: 36/36 MP: 4/4
  2336 | D:3      | HP: 1/36 [orc priest/mace of draining (5)]
  2336 | D:3      | Slain by an orc

Skill      XL: |  1  2  3  4 |
---------------+-------------+-----
Short Blades   | 1 2 3 4 |  4.1
Fighting       | |  2.0
Bows           | |  5.3
Dodging        | |  1.3
Stealth        | |  0.4

Action                   |  1- 3 |  4- 6 || total
-------------------------+-------+-------++-------
Melee: Short sword       |    70 |    43 ||   113
       Kick              |    13 |     2 ||    15
 Fire: Shortbow          |    21 |    14 ||    35
  Eat: Chunk             |     1 |     2 ||     3
Armor: Leather armour    |    26 |    16 ||    42
Dodge: Dodged            |    44 |    22 ||    66
